 Dungeon Crawl Stone Soup version 0.26.1-2-gb8aa6d0cf2 (webtiles) character file.

Game seed: 6824490806218797849

14 FishyPogo the Insei (level 2, 0/20 HPs)
             Began as a Gnoll Transmuter on Mar 2, 2021.
             Was an Initiate of Hepliaklqana.
             Slain by a phantom (6 damage)
             ... on level 2 of the Dungeon.
             The game lasted 00:01:55 (533 turns).

FishyPogo the Insei (Gnoll Transmuter)               Turns: 533, Time: 00:01:56

Health: 0/20       AC:  2    Str: 12    XL:     2   Next: 41%
Magic:  6/7        EV: 14    Int: 15    God:    Hepliaklqana [......]
Gold:   47         SH:  0    Dex: 15    Spells: 9/10 levels left

rFire    . . .     SeeInvis .     - Unarmed
rCold    . . .     Faith    .   (no shield)
rNeg     . . .     Spirit   .   a - +0 robe
rPois    .         Reflect  .   (helmet currently unavailable)
rElec    .         Harm     .   (no cloak)
rCorr    .         Rampage  .   (no gloves)
Will     .....                  (boots currently unavailable)
Stlth    ++........             (no amulet)
HPRegen  0.06/turn              (no ring)
MPRegen  0.10/turn              (no ring)

@: appendages
A: distributed training, reduced essence, fangs 1, horns 2, talons 2, strong
nose
a: End Transformation, Renounce Religion, Recall Ancestor, Ancestor Identity


You were on level 2 of the Dungeon.
You worshipped Hepliaklqana.
Hepliaklqana was noncommittal.
You had grown temporary horns.
You had grown temporary talons.
You visited 1 branch of the dungeon, and saw 2 of its levels.

You collected 47 gold pieces.

Inventory:

Missiles
 b - 42 stones
Armour
 a - a +0 robe (worn)
Scrolls
 c - 2 scrolls of enchant weapon {unknown}
 d - a scroll of amnesia {unknown}
 e - a scroll of teleportation {unknown}


   Skills:
 + Level 2.5 Fighting
 + Level 0.4 Short Blades
 + Level 0.4 Long Blades
 + Level 0.4 Axes
 + Level 0.4 Maces & Flails
 + Level 0.4 Polearms
 + Level 0.4 Staves
 + Level 0.4 Slings
 + Level 0.4 Bows
 + Level 0.4 Crossbows
 + Level 0.4 Throwing
 + Level 0.4 Armour
 + Level 4.5 Dodging
 + Level 0.4 Stealth
 + Level 0.4 Shields
 + Level 6.5 Unarmed Combat
 + Level 4.9 Spellcasting
 + Level 0.2 Conjurations
 + Level 0.2 Hexes
 + Level 0.2 Summonings
 + Level 0.2 Necromancy
 + Level 0.2 Translocations
 + Level 3.7 Transmutations
 + Level 0.2 Fire Magic
 + Level 0.2 Ice Magic
 + Level 0.2 Air Magic
 + Level 0.2 Earth Magic
 + Level 0.2 Poison Magic
 + Level 0.5 Invocations
 + Level 0.4 Evocations


You had 9 spell levels left.
You knew the following spells:

 Your Spells              Type           Power        Failure   Level
y - Beastly Appendage     Tmut           28%          3%          1

Your spell library contained the following spells:

 Spells                   Type           Power        Failure   Level
 Wereblood                Tmut           14%          5%          2
 Animate Skeleton         Necr           8%           14%         1
 Apportation              Tloc           8%           14%         1
 Corona                   Hex            4%           14%         1
 Summon Small Mammal      Summ           16%          14%         1
 Spider Form              Tmut/Pois      4%           22%         3
 Ice Form                 Ice/Tmut       9%           58%         4
 Blade Hands              Tmut           7%           69%         5


Dungeon Overview and Level Annotations

Branches:
Dungeon (2/15)

Altars:
Dithmenos
Hepliaklqana


Innate Abilities, Weirdness & Mutations

Your experience applies equally to all skills.
You have very sharp teeth.
Your uncanny sense of smell can sniff out nearby items.
Your life essence is reduced to manifest your ancestor. (-10% HP)
You have a pair of horns on your head.
You have razor-sharp toenails.


Message History

The phantom hits you.
The phantom blinks!
The phantom hits you.
You miss the phantom.
The phantom is heavily damaged.
The phantom hits you!
* * * LOW HITPOINT WARNING * * *
The phantom blinks!
Your transformation is almost over.
Your horns disappear.
Your talons disappear.
The phantom blinks!
You hit the phantom. Your bite misses the phantom.
The phantom is severely damaged.
Casting: Beastly Appendage (safe; 3% risk of failure)
Confirm with . or Enter, or press ? or * to list all spells.
You grow a pair of large bovine horns.
Your feet morph into talons.
The phantom completely misses you.
You punch the phantom! Your kick misses the phantom.
The phantom is severely damaged.
The phantom hits you.
You die...

... #...#
...###...#####.#
...............#
................
...............#
...###...#####?#
##### ... #.[.#
###...### #W<.#
###....#§# #.@.#
#§#...[#§§
#...#####§§#_.._#§§
##......#§§#....#R#
#.####.##W#.)..###
#.####..####..##
..##...........#
#..##.#..##.#.#.# ∆
#..#.#........#.#
....###.....###.#


You could see a phantom.

Vanquished Creatures
  A worm (D:2)
  A goblin (D:1)
  2 hobgoblins (D:1)
  2 kobolds (D:2)
  A quokka (D:2)
  3 frilled lizards (D:1)
  A rat (D:1)
11 creatures vanquished.

Vanquished Creatures (others)
  An ancestor (D:2)
1 creature vanquished.

Grand Total: 12 creatures vanquished

Notes
Turn   | Place    | Note
-------+----------+-------------------------------------------
     0 | D:1      | FishyPogo the Gnoll Transmuter began the quest for the Orb.
     0 | D:1      | Reached XP level 1. HP: 17/17 MP: 6/6
   178 | D:1      | Reached XP level 2. HP: 20/23 MP: 7/7
   497 | D:2      | Noticed a phantom
   505 | D:2      | Found a hazy altar of Hepliaklqana.
   506 | D:2      | Found a shadowy altar of Dithmenos.
   506 | D:2      | Noticed a shadow
   511 | D:2      | Became a worshipper of Hepliaklqana the Forgotten
   533 | D:2      | Slain by a phantom

Illustrated notes

Levels and vault maps discovered:
D:1:      minmay_arrival_stair_chambers, layout_loops_ring
D:2:      layout_loops_cross, riverfiend_overflow_shadow_ancestor,
          chequers_ecumenical_altar_grove, grunt_ministairs_14,
          minmay_pentomino_q4

Action                   || total
-------------------------++-------
Melee: Unarmed           ||    32
       Headbutt          ||     5
       Kick              ||     4
       Bite              ||     1
 Cast: Beastly Appendage ||     8
Armor: Robe              ||     3
Dodge: Dodged            ||    13
